 Dungeon Crawl Stone Soup version 0.30-a0-3-gc9032a9cac (webtiles) character file.

Game seed: 260354618555772131

92 BritishOli the Trooper (level 4, -3/37 HPs)
             Began as a Demonspawn Fighter on Aug 20, 2022.
             Slain by a gnoll
             ... wielding a +0 spear
              (6 damage)
             ... on level 4 of the Dungeon.
             The game lasted 00:02:58 (2747 turns).

BritishOli the Trooper (Demonspawn Fighter)         Turns: 2747, Time: 00:02:58

Health: -3/37      AC:  6    Str: 18    XL:     4   Next: 35%
Magic:  4/4        EV:  9    Int:  9    God:
Gold:   155        SH:  4    Dex: 13    Spells: 3/3 levels left

rFire   . . .      SeeInvis .    a - +0 long sword
rCold   . . .      Faith    .    c - +0 buckler
rNeg    . . .      Spirit   .    b - +0 scale mail
rPois   .          Reflect  .    (no helmet)
rElec   .          Harm     .    (no cloak)
rCorr   .          Rampage  .    (no gloves)
Will    .....                    (no boots)
Stlth   ..........               (no amulet)
HPRegen 0.12/turn                (no ring)
MPRegen 0.09/turn                (no ring)

@: no status effects
A: weakness stinger 1
a: no special abilities


You were on level 4 of the Dungeon.
You visited 1 branch of the dungeon, and saw 4 of its levels.

You collected 155 gold pieces.

Inventory:

Hand Weapons
 a - a +0 long sword (weapon)
Armour
 b - a +0 scale mail (worn)
 c - a +0 buckler (worn)
Jewellery
 l - a ring of fire
 o - a +6 ring of dexterity
Scrolls
 e - 5 scrolls of identify {unknown}
 g - 2 scrolls of noise {unknown}
 k - a scroll of amnesia {unknown}
 m - a scroll of torment {unknown}
Potions
 d - 2 potions of might
 f - a potion of heal wounds
 h - a potion of curing {unknown}
 i - a potion of magic {unknown}
 j - a potion of resistance {unknown}
 n - 2 potions of flight {unknown}


   Skills:
 + Level 3.7 Fighting
 + Level 2.5 Long Blades
 + Level 3.2 Armour
 + Level 3.3 Shields


You had 3 spell levels left.
You didn't know any spells.
Your spell library contained the following spells:

 Spells                   Type           Power      Damage    Failure   Level
 Sandblast                Erth           0%         2d4       86%         1
 Passwall                 Tmut/Erth      0%         N/A       94%         2
 Stone Arrow              Conj/Erth      0%         3d7       99%         3


Dungeon Overview and Level Annotations

Branches:
Dungeon (4/15)
 Temple: D:4-7

Altars:


Innate Abilities, Weirdness & Mutations

You have a small tail.


Message History

The gnoll is lightly wounded.
You hit the gnoll.
You tail-slap the gnoll, but do no damage.
The gnoll is moderately wounded.
The gnoll misses you.
You hit the gnoll.
The gnoll is severely wounded.
The gnoll closely misses you.
You barely miss the gnoll. The gnoll closely misses you.
You block the gnoll's attack. The gnoll barely misses you.
The gnoll closely misses you. You block the gnoll's attack. x2
You hit the gnoll.
The gnoll is moderately wounded.
The gnoll hits you from afar with a +0 spear.
The gnoll hits you but does no damage. The gnoll hits you with a +0 whip.
You hit the gnoll.
The gnoll is severely wounded.
The gnoll hits you but does no damage.
The gnoll hits you from afar with a +0 spear.
The gnoll barely misses you.
You hit the gnoll.
The gnoll is almost dead.
The gnoll hits you from afar with a +0 spear.
The gnoll hits you with a +0 whip. You block the gnoll's attack.
The gnoll hits you from afar with a +0 spear.
The gnoll barely misses you. The gnoll hits you with a +0 whip.
You slash the gnoll!
You kill the gnoll!
You block the gnoll's attack.
The gnoll hits you from afar with a +0 spear.
* * * LOW HITPOINT WARNING * * *
You closely miss the gnoll.
The gnoll is heavily wounded.
The gnoll hits you with a +0 whip.
* * * LOW HITPOINT WARNING * * *
The gnoll barely misses you.
You slash the gnoll!
You kill the gnoll!
The gnoll hits you from afar with a +0 spear.
You die...

#....# #....# #....#
#....# #....# #....#
#....# #....# #....#
#....##### #.g..#
#####..).# #.g..#
#...#....# #)###
#...#..<.# +)@.#
#...#....# #...#
#...'....# ####
#..#######..#......
.....##+#......#..#####..
...............'......#.<
.....##...#....#......+..
### #...#....#..##..#..
#...#....#..# +##
#####....####


You could see 2 gnolls.

Vanquished Creatures
  2 gnolls (D:4)
  An adder (D:3)
  4 worms
  7 orcs
  A ball python (D:3)
  2 bats
  4 endoplasms (D:1)
  2 giant cockroaches
  4 goblins
  7 hobgoblins
  6 jackals
  A quokka (D:1)
  2 frilled lizards (D:3)
  6 kobolds
49 creatures vanquished.

Notes
Turn   | Place    | Note
-------+----------+-------------------------------------------
     0 | D:1      | BritishOli the Demonspawn Fighter began the quest for the
                  | Orb.
     0 | D:1      | Reached XP level 1. HP: 18/18 MP: 1/1
   180 | D:1      | Gained mutation: You have a small tail. [demonic ancestry]
   180 | D:1      | Reached XP level 2. HP: 20/24 MP: 2/2
   854 | D:2      | Found a faded altar of an unknown god.
  1118 | D:2      | Reached XP level 3. HP: 29/29 MP: 3/3
  1943 | D:3      | HP: 1/29 [adder (1)]
  1947 | D:3      | Reached XP level 4. HP: 23/36 MP: 4/4
  2747 | D:4      | Slain by a gnoll

Illustrated notes

Levels and vault maps discovered:
D:1:      eino_arrival_water_cross, layout_loops_cross
D:2:      layout_basic, basic_ecumenical_altar
D:3:      cheibrodos_helix_gallery, layout_basic
D:4:      layout_gridville, minmay_temple_entry_mist,
          gammafunk_ghost_nasty_kobolds, hangedman_abyss_or_decor_lesser_grid,
          minmay_joined_circles

Skill      XL: |  1  2 |
---------------+-------+-----
Long Blades    | 2 |  2.5
Armour         | 3 |  3.2
Shields        | 3 |  3.3
Fighting       | |  3.7

Action                   |  1- 3 |  4- 6 || total
-------------------------+-------+-------++-------
Melee: Long sword        |   111 |    43 ||   154
       Tailslap          |     9 |     5 ||    14
  Use: Potion            |     1 |       ||     1
Armor: Scale mail        |    61 |    22 ||    83
Dodge: Dodged            |    53 |    27 ||    80
Block: Buckler           |    27 |     8 ||    35

Table legend: (Time is in decaauts)
 A = Elapsed time spent in this place.
 B = Non-inter-level travel time spent in this place.
 C = Inter-level travel time spent in this place.
 D = Time resting spent in this place.
 E = Time spent auto-exploring this place.
 F = Levels seen in this place.
 G = Mean time per level.
                   A        B        C        D        E       F      G
               +--------+--------+--------+--------+--------+-----+--------+
         Total |   2799 |   2762 |     37 |    438 |   1923 |   4 |  699.8 |
       Dungeon |   2799 |   2762 |     37 |    438 |   1923 |   4 |  699.8 |
               +--------+--------+--------+--------+--------+-----+--------+

Top non-repeatable levels by time:
     D:2: 1061 daAuts
     D:3: 900 daAuts
     D:1: 740 daAuts
     D:4: 97 daAuts
